 Dungeon Crawl Stone Soup version 0.30.1-11-g7821555f0a (webtiles) character file.

Game seed: 48568090752944508

458 leafyfresh the Covert (level 7, -4/54 (60) HPs)
             Began as a Gnoll Delver on Nov 2, 2023.
             Engulfed by a cloud of foul pestilence (13 damage)
             ... on level 6 of the Dungeon.
             The game lasted 00:09:07 (3801 turns).

leafyfresh the Covert (Gnoll Delver)                Turns: 3801, Time: 00:09:07

HP:   -4/54 (60)    AC:  5    Str: 12    XL:     7   Next: 6%
MP:   1/10          EV: 13    Int: 17    God:
Gold: 134           SH:  0    Dex: 13    Spells: 1/10 levels left

rFire   . . .        l - +0 short sword (distort)
rCold   . . .        (no shield)
rNeg    . . .        b - +0 leather armour
rPois   .            (no helmet)
rElec   .            k - +0 cloak
rCorr   .            D - +0 pair of gloves
SInv    .            (no boots)
Will    .....        (no amulet)
Stlth   ++++         j - +6 ring of intelligence
HPRegen 0.29/turn    (no ring)
MPRegen 0.12/turn

%: no passive effects
@: lethally poisoned (-4 -> -64), attractive, slowed, studying Fire Magic,
heavily drained, very slow
A: fangs 1, strong nose, distributed training
a: no special abilities


You were on level 6 of the Dungeon.
You visited 1 branch of the dungeon, and saw 6 of its levels.
You also visited: Sewer.

You collected 134 gold pieces.

Inventory:

Hand Weapons
 a - a +0 short sword
 l - a +0 short sword of distortion (weapon)
 z - a +1 dagger of flaming
Armour
 b - a +0 leather armour (worn)
 k - a +0 cloak (worn)
 D - a +0 pair of gloves (worn)
Jewellery
 j - a +6 ring of intelligence (left hand)
Wands
 e - a wand of iceblast (12)
 g - a wand of digging (3)
Scrolls
 c - a scroll of fog
 d - 2 scrolls of magic mapping
 m - a scroll of vulnerability {unknown}
 n - 6 scrolls of identify {unknown}
 o - a scroll of blinking {unknown}
 q - a scroll of torment {unknown}
 u - 5 scrolls of enchant weapon {unknown}
 v - 2 scrolls of poison {unknown}
 x - 2 scrolls of teleportation {unknown}
 y - a scroll of noise {unknown}
 A - a scroll of silence {unknown}
 B - a scroll of acquirement {unknown}
Potions
 f - 2 potions of berserk rage {unknown}
 h - 2 potions of lignification {unknown}
 i - 2 potions of heal wounds {unknown}
 p - 3 potions of flight {unknown}
 r - 3 potions of curing {unknown}
 s - 4 potions of attraction
 t - 2 potions of cancellation {unknown}
 w - a potion of resistance {unknown}
 C - a potion of ambrosia {unknown}
 E - a potion of brilliance {unknown}


   Skills:
 + Level 7.0 Fighting
 + Level 5.1 Short Blades
 + Level 2.3 Long Blades
 + Level 2.3 Axes
 + Level 2.3 Maces & Flails
 + Level 2.3 Polearms
 + Level 2.3 Staves
 + Level 2.3 Ranged Weapons
 + Level 2.3 Throwing
 + Level 2.3 Armour
 + Level 5.1 Dodging
 + Level 9.9 Stealth
 + Level 2.3 Shields
 + Level 2.3 Unarmed Combat
 + Level 2.3 Spellcasting
 + Level 1.9 Conjurations
 + Level 1.9 Hexes
 + Level 1.9 Summonings
 + Level 1.9 Necromancy
 + Level 1.9 Translocations
 + Level 1.9 Transmutations
 + Level 2.8 Fire Magic
 + Level 1.9 Ice Magic
 + Level 1.9 Air Magic
 + Level 1.9 Earth Magic
 + Level 1.9 Poison Magic
 + Level 2.5 Invocations
 + Level 2.3 Evocations


You had one spell level left.
You knew the following spells:

 Your Spells              Type           Power      Damage    Failure   Level
a - Freeze                Ice            32%        1d5       11%         1
b - Cigotuvi's Dreadful   Necr/Pois/Air  16%        N/A       16%         2
c - Frozen Ramparts       Ice            16%        1d3       32%         3
d - Hailstorm             Conj/Ice       8%         3d4       32%         3

Your spell library contained the following spells:

 Spells                   Type           Power      Damage    Failure   Level
 Ignite Poison            Fire/Tmut/Pois 9%         N/A       28%         3
 Olgreb's Toxic Radiance  Pois           8%         N/A       71%         4
 Freezing Cloud           Conj/Ice/Air   4%         6-21      96%         5
 Discord                  Hex            4%         N/A       100%        8
 Ignition                 Fire           5%         3d4       100%        8


Dungeon Overview and Level Annotations

Branches:
Dungeon (6/15)              Sewer (visited)
 Temple: D:4-7

Altars:
Vehumet

Shops:
D:1 *   D:6 ?

Annotations:
D:3 1 runed translucent door, turdburglar's ghost, weakling DrAE
D:4 Dowan; Duvessa; Edmund


Innate Abilities, Weirdness & Mutations

You have very sharp teeth.
Your uncanny sense of smell can sniff out nearby items.
Your experience applies equally to all skills.


Message History

[Y]es or [N]o only, please.
Your frozen ramparts will break if you move.
Continue?
Okay, then.
The frozen ramparts melt away.
Casting: Frozen Ramparts (dangerous; 32% risk of failure)
Confirm with . or Enter, or press ? or * to list all spells.
A part of your flesh rots into a cloud of miasma!
You feel drained.
Unknown command.
You are engulfed in dark miasma.
You are poisoned.
You feel very sick.
Your magical contamination has completely faded away.
Casting: Cigotuvi's Dreadful Rot (safe; 16% risk of failure)
Confirm with . or Enter, or press ? or * to list all spells.
You don't have enough magic to cast this spell.
You're standing in a cloud of foul pestilence!
Unknown command.
You barely miss the orc warrior.
The orc warrior is severely wounded.
You are engulfed in dark miasma.
You are more poisoned.
You feel yourself slow down.
You feel very sick. The orc warrior closely misses you.
You closely miss the orc warrior. Your bite misses the orc warrior.
The orc warrior is severely wounded.
You are engulfed in dark miasma.
You are lethally poisoned!
You feel as though you will be slow longer.
* * * LOW HITPOINT WARNING * * *
You feel extremely sick. The orc warrior closely misses you.
Unknown command.
Unknown command.
It was a potion of attraction.
You feel attractive to monsters.
You are engulfed in dark miasma.
You are more poisoned.
You feel as though you will be slow longer.
You die...

###### #....# #....#
#....#
###########....#
#<......@oo>...+
##.########....#
#.######......#
#.#...........#
#.#..#...#....#
#.#.###.###.oo##
#.#..#...#..#..#
#.#...._....#.....#
#....#...#..##.∩.#...


You could see an orc warrior and an orc.

Vanquished Creatures
  A scorpion (D:5)
  A jelly (D:5)
  3 orc wizards (D:5)
  3 gnolls (D:5)
  7 adders
  6 river rats
  2 worms
  A dart slug (D:2)
  11 orcs
  10 ball pythons
  8 endoplasms
  6 giant cockroaches
  5 goblins
  5 hobgoblins
  4 quokkas
  3 bats
  11 frilled lizards
  10 kobolds
  10 rats
107 creatures vanquished.

Notes
Turn   | Place    | Note
-------+----------+-------------------------------------------
     0 | D:5      | Reached skill level 9 in Stealth
     0 | D:5      | leafyfresh the Gnoll Delver began the quest for the Orb.
     0 | D:5      | Reached XP level 1. HP: 23/23 MP: 1/1
    82 | D:5      | Noticed a scorpion
   231 | D:4      | Reached XP level 2. HP: 29/29 MP: 2/2
   235 | D:4      | Noticed Edmund
   255 | D:4      | Noticed Duvessa
   434 | D:3      | Reached skill level 1 in Fire Magic
   434 | D:3      | Reached XP level 3. HP: 35/35 MP: 2/4
   482 | D:3      | Reached skill level 1 in Invocations
   593 | D:3      | Reached skill level 1 in Long Blades
   593 | D:3      | Reached skill level 1 in Axes
   593 | D:3      | Reached skill level 1 in Maces & Flails
   593 | D:3      | Reached skill level 1 in Polearms
   593 | D:3      | Reached skill level 1 in Staves
   593 | D:3      | Reached skill level 1 in Ranged Weapons
   593 | D:3      | Reached skill level 1 in Throwing
   593 | D:3      | Reached skill level 1 in Armour
   593 | D:3      | Reached skill level 1 in Shields
   593 | D:3      | Reached skill level 1 in Unarmed Combat
   593 | D:3      | Reached skill level 1 in Spellcasting
   593 | D:3      | Reached skill level 1 in Evocations
   642 | D:3      | Found a runed translucent door.
   643 | D:3      | Noticed turdburglar's ghost (weakling DrAE)
   663 | D:3      | Reached XP level 4. HP: 41/41 MP: 5/5
   822 | D:3      | Reached skill level 1 in Conjurations
   822 | D:3      | Reached skill level 1 in Hexes
   822 | D:3      | Reached skill level 1 in Summonings
   822 | D:3      | Reached skill level 1 in Necromancy
   822 | D:3      | Reached skill level 1 in Translocations
   822 | D:3      | Reached skill level 1 in Transmutations
   822 | D:3      | Reached skill level 1 in Ice Magic
   822 | D:3      | Reached skill level 1 in Air Magic
   822 | D:3      | Reached skill level 1 in Earth Magic
   822 | D:3      | Reached skill level 1 in Poison Magic
   844 | D:3      | Found a glowing drain.
   849 | Sewer    | Entered a sewer
   930 | Sewer    | Reached XP level 5. HP: 47/47 MP: 5/7
  1565 | D:2      | Learned a level 1 spell: Freeze
  1568 | D:2      | Learned a level 2 spell: Cigotuvi's Dreadful Rot
  2046 | D:1      | Found Pipaorphi's General Store.
  2078 | D:1      | Found a faded altar of an unknown god.
  2650 | D:4      | Noticed Dowan
  2924 | D:5      | Reached XP level 6. HP: 51/53 MP: 8/8
  2960 | D:5      | Reached skill level 5 in Short Blades
  2960 | D:5      | Reached skill level 5 in Dodging
  3515 | D:5      | Reached XP level 7. HP: 60/60 MP: 10/10
  3727 | D:5      | Learned a level 3 spell: Frozen Ramparts
  3731 | D:5      | Learned a level 3 spell: Hailstorm
  3744 | D:6      | Found a radiant altar of Vehumet.
  3769 | D:6      | Found Yfriodghy's Magic Scroll Shop.
  3801 | D:6      | Engulfed by a cloud of foul pestilence

Illustrated notes

Levels and vault maps discovered:
D:1:      lightli_arrival_chessboard, layout_rooms, serial_shops,
          nicolae_shop_back_alley_shop, shapermc_ecumenical_altar_totnotflames
D:2:      layout_rooms, dk_vineyard_2, minmay_split_cup_large
D:3:      layout_basic, portal_sewer_entry_e, hellmonk_ghost_happy_afterlife
D:4:      layout_cave_pools, minmay_temple_entry_mist, supply_closet_lemuel,
          uniq_edmund, uniq_duvessa
D:5:      layout_cave_pools, minmay_manual_moon
D:6:      layout_basic, vehumet_crystals, mainiacjoe_overflow_big_doors,
          serial_shops, nicolae_shop_stone, minmay_crystal_room,
          ebering_dispersal_statue_hall, minmay_misc_feat_more_columns,
          st_stairs_13, minmay_hedge_maze, minmay_shop_enchanted_jewellery,
          uniq_sigmund

Skill      XL: |  1  2  3  4  5  6 |
---------------+-------------------+-----
Stealth        | |  9.9
Fire Magic     | 1 2 |  2.8
Invocations    | 1 2 |  2.5
Long Blades    | 1 2 |  2.3
Axes           | 1 2 |  2.3
Maces & Flails | 1 2 |  2.3
Polearms       | 1 2 |  2.3
Staves         | 1 2 |  2.3
Ranged Weapons | 1 2 |  2.3
Throwing       | 1 2 |  2.3
Armour         | 1 2 |  2.3
Shields        | 1 2 |  2.3
Unarmed Combat | 1 2 |  2.3
Spellcasting   | 1 2 |  2.3
Evocations     | 1 2 |  2.3
Conjurations   | 1 |  1.9
Hexes          | 1 |  1.9
Summonings     | 1 |  1.9
Necromancy     | 1 |  1.9
Translocations | 1 |  1.9
Transmutations | 1 |  1.9
Ice Magic      | 1 |  1.9
Air Magic      | 1 |  1.9
Earth Magic    | 1 |  1.9
Poison Magic   | 1 |  1.9
Short Blades   | 5 |  5.1
Dodging        | 5 |  5.1
Fighting       | 7 |  7.0

Action                     |  1- 3 |  4- 6 |  7- 9 || total
---------------------------+-------+-------+-------++-------
  Melee: Short sword       |    48 |   235 |    13 ||   296
         Bite              |     3 |    21 |     2 ||    26
         Punch             |       |     2 |       ||     2
   Cast: Frozen Ramparts   |       |       |     2 ||     2
         Cigotuvi's Dreadf |       |       |     1 ||     1
    Use: Scroll            |     1 |       |       ||     1
         Potion            |       |     1 |     1 ||     2
   Stab: Sleeping          |     6 |    29 |       ||    35
 Armour: Leather armour    |     6 |    51 |       ||    57
  Dodge: Dodged            |    16 |   112 |     5 ||   133
